 Dungeon Crawl Stone Soup version 0.30-a0-250-g41c1d76940 (webtiles) character file.

Game seed: 3591275026559426780

205280 chippings the Phalangite (level 18, 0/154 HPs)
             Began as a Merfolk Gladiator on Oct 12, 2022.
             Was the Champion of Dithmenos.
             Slain by a vault warden
             ... wielding a +0 vorpal war axe
              (7 damage)
             ... on level 1 of the Vaults.
             The game lasted 01:37:28 (28584 turns).

chippings the Phalangite (Merfolk Gladiator)       Turns: 28584, Time: 01:37:29

Health: 0/154      AC: 18    Str: 22    XL:     18   Next: 68%
Magic:  32/32      EV: 17    Int: 17    God:    Dithmenos [******]
Gold:   822        SH:  0    Dex: 18    Spells: 12/17 levels left

rFire   + . .      SeeInvis .    f - +9 bardiche (vamp)
rCold   + + .      Faith    .    (shield currently unavailable)
rNeg    + + .      Spirit   .    B - +7 Kryia's mail coat {PotionHeal*2 rC+}
rPois   .          Reflect  .    p - +1 hat {Int+3}
rElec   .          Harm     .    j - +0 cloak of Death Resistance {+Blink rC+ Str+3 Int+2}
rCorr   +          Rampage  .    O - +0 pair of gloves "Noewanua" {rN+ MP+9}
Will    +....                    t - +0 pair of boots
Stlth   +++++++++.               Y - macabre finger necklace {rN+}
HPRegen 0.45/turn                J - ring of Yesterday {Wiz rCorr Int+4 Stlth+}
MPRegen 0.23/turn                L - ring of flight
                                 h - ring of protection from fire

@: marked, flying, wreathed by umbra, studying 3 skills
A: (nimble swimmer 2), mertail, robust 1, screaming 1
}: 1/15 runes: gossamer
a: Renounce Religion, Evoke Blink, Shadow Step, Shadow Form


You were on level 1 of the Vaults.
You worshipped Dithmenos.
Dithmenos was exalted by your worship.
You visited 7 branches of the dungeon, and saw 30 of its levels.
You visited the Abyss 1 time.
You also visited: Ice Cave.

You collected 3248 gold pieces.
You spent 2426 gold pieces at shops.

Inventory:

Hand Weapons
 f - a +9 vampiric bardiche (weapon)
Missiles
 d - 6 throwing nets
 e - 6 javelins
 u - 3 silver boomerangs
 y - 7 boomerangs (quivered)
 C - 47 poisoned darts
 M - 10 curare-tipped darts
 R - 3 silver javelins
Armour
 j - the +0 cloak of Death Resistance (worn) {+Blink rC+ Str+3 Int+2}
   (You bought it in a shop on level 1 of the Elven Halls)

   Str:       It affects your strength (+3).
   Int:       It affects your intelligence (+2).
   rC:        It protects you from cold.
   +Blink:    It lets you blink.
 n - a scarf of invisibility
 p - a +1 hat of intelligence (worn)
 t - a +0 pair of boots (worn)
 B - the +7 Kryia's mail coat (worn) {PotionHeal*2 rC+}
   (You found it on level 3 of the Dungeon)

   Potions are twice as effective at healing its wearer.
   rC:        It protects you from cold.
 O - the +0 pair of gloves "Noewanua" (worn) {rN+ MP+9}
   (You found it on level 15 of the Dungeon)

   rN:        It protects you from negative energy.
   MP:        It affects your magic capacity (+9).
Jewellery
 h - a ring of protection from fire (on amulet)
 D - a ring of poison resistance
 J - the ring of Yesterday (left hand) {Wiz rCorr Int+4 Stlth+}
   (You bought it in a shop on level 2 of the Orcish Mines)

   [ring of wizardry]

   It improves your spell success rate.
   Int:       It affects your intelligence (+4).
   rCorr:     It protects you from acid and corrosion.
   Stlth:     It makes you more stealthy.
 L - a ring of flight (right hand)
 Y - the macabre finger necklace (around neck) {rN+}
   (You found it on level 5 of the Lair of Beasts)

   [amulet of nothing]

   It enables you to equip an extra ring.
   rN:        It protects you from negative energy.
Wands
 E - a wand of quicksilver (33)
Scrolls
 a - 7 scrolls of vulnerability
 o - 11 scrolls of poison
 s - 5 scrolls of amnesia
 w - 2 scrolls of enchant weapon
 A - 3 scrolls of fog
 G - a scroll of silence
 H - 4 scrolls of teleportation
 I - 2 scrolls of blinking
 K - a scroll of enchant armour
 P - 4 scrolls of noise
 Q - 13 scrolls of identify
 V - 2 scrolls of fear
 Z - 2 scrolls of immolation
Potions
 b - 3 potions of heal wounds
 c - a potion of berserk rage
 g - 8 potions of haste
 i - 6 potions of lignification
 k - 10 potions of ambrosia
 l - 2 potions of resistance
 m - 4 potions of invisibility
 q - 3 potions of attraction
 v - 4 potions of cancellation
 x - 5 potions of mutation
 z - 12 potions of curing
 F - a potion of brilliance
 N - a potion of magic
 U - 5 potions of might
 W - 4 potions of flight
Miscellaneous
 T - a tin of tremorstones (2/2)


   Skills:
 - Level 12.0 Fighting
 - Level 2.0 Short Blades
 - Level 24.0 Polearms
 - Level 16.0 Throwing
 - Level 4.0 Armour
 - Level 13.0 Dodging
 - Level 12.0 Stealth
 - Level 8.0 Translocations
 + Level 7.8 Air Magic
 + Level 6.9 Invocations


You had 12 spell levels left.
You knew the following spells:

 Your Spells              Type           Power      Damage    Failure   Level
a - Blink                 Tloc           54%        N/A       1%          2
b - Vhi's Electric Charg  Tloc/Air       52%        N/A       2%          3

Your spell library contained the following spells:

 Spells                   Type           Power      Damage    Failure   Level
 Apportation              Tloc           54%        N/A       1%          1
 Lesser Beckoning         Tloc           54%        N/A       2%          3
 Shock                    Conj/Air       52%        1d6       4%          1
 Momentum Strike          Conj/Tloc      26%        3d8       7%          2
 Poisonous Vapours        Pois/Air       26%        N/A       8%          2
 Static Discharge         Conj/Air       26%        2-4/arc   8%          2
 Kindle Blastsparks       Fire/Tloc/Air  34%        2d12      9%          3
 Airstrike                Air            13%        2d(2-18)  10%         4
 Cigotuvi's Dreadful Rot  Necr/Pois/Air  16%        N/A       12%         2
 Portal Projectile        Hex/Tloc       26%        N/A       14%         3
 Beastly Appendage        Tmut           0%         N/A       24%         1
 Foxfire                  Conj/Fire      0%         2x1d4     24%         1
 Freeze                   Ice            0%         1d3       24%         1
 Kiss of Death            Conj/Necr      0%         2d5       24%         1
 Magic Dart               Conj           0%         1d3       24%         1
 Necrotise                Necr           0%         1d4       24%         1
 Sandblast                Erth           0%         2d4       24%         1
 Summon Small Mammal      Summ           0%         N/A       24%         1
 Mephitic Cloud           Conj/Pois/Air  8%         N/A       24%         3
 Call Imp                 Summ           0%         N/A       32%         2
 Passwall                 Tmut/Erth      0%         N/A       32%         2
 Scorch                   Fire           0%         2d5       32%         2
 Wereblood                Tmut           0%         N/A       32%         2
 Iskenderun's Mystic Bla  Conj/Tloc      13%        2d5       41%         4
 Summon Lightning Spire   Summ/Air       13%        N/A       41%         4
 Dazzling Flash           Conj/Hex       0%         N/A       54%         3
 Frozen Ramparts          Ice            0%         1d1       54%         3
 Hailstorm                Conj/Ice       0%         3d3       54%         3
 Ignite Poison            Fire/Tmut/Pois 0%         N/A       54%         3
 Inner Flame              Hex/Fire       0%         N/A       54%         3
 Ozocubu's Armour         Ice            0%         N/A       54%         3
 Spider Form              Tmut/Pois      0%         N/A       54%         3
 Stone Arrow              Conj/Erth      0%         3d7       54%         3
 Tukima's Dance           Hex            0%         N/A       54%         3
 Arcjolt                  Conj/Air       6%         1d16      75%         5
 Lightning Bolt           Conj/Air       6%         1d18      75%         5
 Animate Armour           Summ/Erth      0%         N/A       90%         4
 Animate Dead             Necr           0%         N/A       90%         4
 Flame Wave               Conj/Fire      0%         2d4       90%         4
 Fulminant Prism          Conj/Hex       0%         3d6       90%         4
 Ice Form                 Ice/Tmut       0%         N/A       90%         4
 Leda's Liquefaction      Hex/Erth       0%         N/A       90%         4
 Sticky Flame             Conj/Fire      0%         2d3       90%         4
 Summon Ice Beast         Ice/Summ       0%         N/A       90%         4
 Blade Hands              Tmut           0%         N/A       99%         5
 Borgnjor's Vile Clutch   Necr/Erth      0%         N/A       99%         5
 Lee's Rapid Deconstruct  Erth           0%         3d5*      99%         5
 Conjure Ball Lightning   Conj/Air       6%         3x3d6     99%         6
 Death Channel            Necr           0%         N/A       100%        6
 Iron Shot                Conj/Erth      0%         9d1       100%        6
 Statue Form              Tmut/Erth      0%         N/A       100%        6
 Summon Cactus Giant      Summ           0%         N/A       100%        6
 Ozocubu's Refrigeration  Ice            0%         4d7       100%        7
 Ignition                 Fire           0%         3d3       100%        8
 Fire Storm               Conj/Fire      0%         5d1       100%        9


Dungeon Overview and Level Annotations

Branches:
Dungeon (15/15)            Temple (0/1) D:4            Lair (5/5) D:11
 Spider (4/4) Lair:2        Slime (1/5) Lair:4          Orc (2/2) D:12
    Elf (2/3) Orc:2        Vaults (1/5) D:14         Depths (0/4) D:15
  IceCv (visited)
  Swamp: Lair:2-3    Shoals: Lair:2-3

Altars:
Cheibriados
Dithmenos
Gozag
Kikubaaqudgha
Makhleb
Nemelex Xobeh
Sif Muna
Uskayaw
Vehumet
Wu Jian
Zin
The Shining One

Shops:
D:9 (   Orc:1 !   Orc:2 !*!*=[   Elf:1 (:*[

Portals:
Trove: D:14 (give 7 potions of haste)


Innate Abilities, Weirdness & Mutations

((You are very nimble when in or above water. (Stealth+, EV+, Speed+++)))
Your lower body shifts to a powerful aquatic tail in water.
You are robust. (+10% HP)
You occasionally shout uncontrollably at your foes.


Message History

You slice the ironbound convoker!!
You feel better.
You kill the ironbound convoker!
Dithmenos accepts your kill.
The vault warden activates a sealing rune.
The vault sentinel blows a loud note on a signal horn!
You hit the vault warden.
You feel better.
The vault warden is moderately wounded.
You hit the vault warden but do no damage.
The vault warden is moderately wounded.
Your shadow hits the vault warden with a bardiche!
The vault warden hits you with a +0 vorpal war axe!
The vault sentinel closely misses you. The yaktaur misses you.
You barely miss the vault warden.
The vault warden is moderately wounded.
The vault sentinel barely misses you.
The vault warden hits you but does no damage.
You slice the vault warden!!
You feel better.
The vault warden is severely wounded.
The yaktaur barely misses you.
The vault warden hits you with a +0 vorpal war axe!!
The vault sentinel points at you and mumbles some strange words.
You barely resist. You slice the yaktaur!!
The yaktaur is heavily wounded.
Your shadow hits the yaktaur but does no damage.
The yaktaur closely misses you.
You slice the yaktaur!!
You feel better.
You kill the yaktaur!
Dithmenos accepts your kill. The vault sentinel misses you.
The vault warden hits you with a +0 vorpal war axe!!
You emit a cloud of dark smoke.
Something unseen opens the door.
The vault sentinel attacks as you move away!
The vault sentinel hits you but does no damage.
A vault warden comes into view.
It is wielding a +2 war axe of draining.
The vault sentinel blows a loud note on a signal horn!
The vault warden hits you with a +0 vorpal war axe!!!
* * * LOW HITPOINT WARNING * * *
You emit a cloud of dark smoke.
You die...

# ########## ###
########§§§..?..# ..###
#......#§§§§....#
....###......#pp@§....#
.[....'....>.#.§§§§...#
......#......#.)......'p
.....##......+........##
.....##......##########
....########'# ....#
...# ...## ^...# #..#
.....#


You could see 2 vault wardens and a vault sentinel (strong).

Vanquished Creatures
  Mlioglotl (Spider:1)
  Jorgrun (D:13)
  An acid blob (Slime:1)
  Gastronok (Lair:1)
  Kirke (D:13)
  Roxanne (Spider:1)
  The ghost of Hockui Caum the Severer, a journeyman MiGl of Okawaru (Spider:1)
  8 emperor scorpions
  3 vault wardens (Vaults:1)
  4 ghost moths
  3 broodmothers
  3 reapers (IceCv)
  An ironbound preserver (Vaults:1)
  An ironbound thunderhulk (Vaults:1)
  Nessos (Lair:3)
  A deep elf demonologist (Elf:1)
  A deep elf annihilator (Elf:1)
  2 entropy weavers (Spider:2)
  A fire dragon (D:14)
  A yaktaur captain (Vaults:1)
  4 hydras
  2 ironbound frosthearts (Vaults:1)
  An ice dragon (D:14)
  4 caustic shrike simulacra (IceCv)
  3 ogre magi
  A radroach (shapeshifter) (D:14)
  6 boulder beetles
  Erolcha (D:13)
  2 catoblepae (Lair:5)
  5 centaur warriors
  The ghost of themarg the Severer, a novice MiFi of Uskayaw (D:9)
  2 dancing weapons (Elf:1)
  5 death yaks (Lair:5)
  A deep troll shaman (Lair:5)
  12 two-headed ogres
  A titan zombie (D:15)
  Urug (D:11)
  Sonja (D:13)
  Nergalle (Lair:3)
  2 deep elf knights (Elf:1)
  7 skeletal warriors
  4 pharaoh ants
  3 deep elf archers (Elf:1)
  11 orb spiders
  2 bog bodies (IceCv)
  A swamp dragon (Lair:3)
  A shadow dragon zombie (D:15)
  8 steelbarb worms
  15 deep elf pyromancers (Elf:1)
  A phantasmal warrior (D:15)
  3 ironbound convokers (Vaults:1)
  2 orc knights
  2 obsidian statues (IceCv)
  10 deep elf zephyrmancers
  5 necromancers
  15 ugly things
  18 wolf spiders
  A frost giant zombie (D:15)
  9 orc sorcerers (Orc:2)
  7 cyclopes
  23 elephants
  A manticore (D:14)
  8 black mambas
  3 moths of wrath
  A vault sentinel (Vaults:1)
  A black mamba (shapeshifter) (D:14)
  3 torpor snails
  A gargoyle (D:12)
  11 cane toads
  16 yaktaurs
  An unseen horror (shapeshifter) (D:14)
  A spriggan zombie (D:15)
  2 demonic crawlers (Spider:1)
  An ice devil (IceCv)
  10 komodo dragons
  2 kobold demonologists
  7 freezing wraiths (IceCv)
  2 guardian mummies (D:15)
  4 golden dragon simulacra (IceCv)
  A queen bee (D:9)
  2 hornets
  A wolf spider simulacrum (D:13)
  9 polar bears
  3 meliai (Spider:4)
  5 trolls
  Grinder (D:6)
  10 slime creatures
  A wind drake (shapeshifter) (D:15)
  27 tarantellas
  39 blink frogs
  4 dream sheep (Lair:4)
  16 culicivoras
  29 jumping spiders
  3 centaur simulacra (D:13)
  2 vampires
  An ettin skeleton (Orc:1)
  A shadow (D:12)
  4 wraiths
  5 wyverns
  3 basilisks
  3 hogs (D:13)
  A minotaur simulacrum (IceCv)
  36 yaks
  47 redbacks
  10 vampire mosquitoes
  Menkaure (D:6)
  4 wargs
  2 hydra simulacra (IceCv)
  An acid dragon (D:12)
  16 water moccasins
  23 orc warriors
  A sky beast (D:8)
  A swamp drake (Lair:3)
  A meliai simulacrum (D:13)
  4 ice beasts (D:13)
  The ghost of Iusername the Trooper, an amateur HOFi (D:3)
  3 ettin simulacra
  12 black bears
  5 ogres
  A wolf (shapeshifter) (D:13)
  9 wolves
  6 centaurs
  2 phantoms
  2 kobold brigands
  10 bullfrogs
  2 scorpions
  2 earth elementals (Elf:1)
  A gnoll sergeant (D:9)
  8 necrophages
  A cyclops skeleton (Orc:1)
  25 wights
  A troll zombie (Orc:1)
  18 killer bees (D:9)
  4 electric eels
  4 howler monkeys
  2 lava snakes
  2 jellies (D:4)
  A hound (D:5)
  A cyclops simulacrum (Orc:1)
  A gnoll bouda (D:8)
  22 orc priests
  7 iguanas
  46 orc wizards
  5 hell rats (Lair:4)
  An ogre zombie (Orc:1)
  Robin (D:1)
  10 gnolls
  2 orc zombies (Orc:1)
  6 adders
  3 orc skeletons (Orc:1)
  A shadow imp (D:6)
  9 white imps
  An ufetubus (D:13)
  2 orc simulacra (Orc:1)
  96 orcs
  9 bats
  3 endoplasms
  2 giant cockroaches (D:2)
  13 goblins
  8 hobgoblins
  11 kobolds
  3 quokkas
  4 ball pythons
  2 frilled lizards
  4 rats
1029 creatures vanquished.

Vanquished Creatures (others)
  A ghost moth (Spider:4)
  An ironbound thunderhulk (Vaults:1)
  A troll (D:12)
  A basilisk (Lair:3)
  An orc wizard (Orc:2)
  A white imp (D:13)
  33 fungi
  45 plants
  2 withered plants
86 creatures vanquished.

Grand Total: 1115 creatures vanquished

Notes
Turn   | Place    | Note
-------+----------+-------------------------------------------
     0 | D:1      | chippings the Merfolk Gladiator began the quest for the
                  | Orb.
     0 | D:1      | Reached XP level 1. HP: 16/16 MP: 1/1
    35 | D:1      | Found a faded altar of an unknown god.
    62 | D:1      | Prayed at the altar of an unknown god.
    62 | D:1      | Became a worshipper of Dithmenos the Shadowed
    62 | D:1      | Reached * piety under Dithmenos
   249 | D:1      | Reached XP level 2. HP: 23/23 MP: 2/2
   838 | D:2      | Reached skill level 1 in Stealth
   912 | D:2      | Reached XP level 3. HP: 26/28 MP: 3/3
  1032 | D:2      | Noticed Robin
  1109 | D:1      | Killed Robin
  1566 | D:3      | Reached skill level 5 in Polearms
  1566 | D:3      | Reached XP level 4. HP: 33/35 MP: 4/4
  1731 | D:3      | Found the +7 Kryia's mail coat {PotionHeal*2 rC+}
  1761 | D:3      | Reached ** piety under Dithmenos
  1778 | D:3      | Found a runed translucent door.
  1845 | D:3      | Noticed Iusername's ghost (amateur HOFi)
  1852 | D:3      | Reached skill level 1 in Short Blades
  1871 | D:3      | Killed Iusername's ghost
  1872 | D:3      | Reached XP level 5. HP: 38/42 MP: 5/5
  1934 | D:3      | Identified a scroll of acquirement
  1934 | D:3      | Acquired a +6 vorpal bardiche
  1978 | D:4      | Found a staircase to the Ecumenical Temple.
  2009 | D:4      | Reached XP level 6. HP: 48/48 MP: 6/6
  2064 | D:4      | Noticed a water moccasin
  2114 | D:4      | Reached skill level 6 in Polearms
  2330 | D:4      | Identified the +1 leather armour of Jejiffim {rCorr}
  2416 | D:4      | Found a burning altar of Makhleb.
  2416 | D:4      | Noticed an Executioner
  2419 | D:4      | Noticed a hellwing
  2419 | D:4      | Noticed an orange demon
  2520 | D:4      | Killed a water moccasin
  2521 | D:4      | Reached skill level 7 in Polearms
  2521 | D:4      | Reached XP level 7. HP: 54/54 MP: 7/7
  2522 | D:4      | Found a glowing silver altar of Zin.
  2524 | D:4      | Found an ancient bone altar of Kikubaaqudgha.
  2558 | D:5      | Entered Level 5 of the Dungeon
  2600 | D:5      | Reached skill level 5 in Stealth
  2621 | D:5      | Reached skill level 8 in Polearms
  2622 | D:5      | Reached *** piety under Dithmenos
  2623 | D:5      | Found a hide-covered altar of Uskayaw.
  2748 | D:5      | Found a glowing golden altar of the Shining One.
  2748 | D:5      | Found a sparkling altar of Nemelex Xobeh.
  2748 | D:5      | Found a snail-covered altar of Cheibriados.
  2769 | D:5      | Reached XP level 8. HP: 44/60 MP: 8/8
  2859 | D:5      | Reached skill level 9 in Polearms
  3506 | D:6      | Found an ornate altar of the Wu Jian Council.
  3527 | D:6      | Noticed Grinder
  3550 | D:6      | Killed Grinder
  3551 | D:6      | Reached skill level 5 in Fighting
  3551 | D:6      | Reached skill level 10 in Polearms
  3686 | D:6      | Noticed Menkaure
  3693 | D:6      | Killed Menkaure
  3697 | D:6      | Reached XP level 9. HP: 63/68 MP: 9/9
  3713 | D:6      | Found a shimmering blue altar of Sif Muna.
  3732 | D:6      | Got Sif Muna's Meditations on Malignant Rituals
  5341 | D:8      | Noticed a kobold demonologist
  5345 | D:8      | Noticed a soul eater
  5345 | D:8      | Killed a kobold demonologist
  5345 | D:8      | Reached **** piety under Dithmenos
  5346 | D:8      | Reached skill level 11 in Polearms
  5346 | D:8      | Reached skill level 5 in Throwing
  5346 | D:8      | Reached skill level 5 in Dodging
  5438 | D:8      | Reached XP level 10. HP: 57/77 MP: 10/10
  5679 | D:8      | You fall into a shaft and drop 3 floors!
  5762 | D:11     | Noticed a two-headed ogre
  5771 | D:11     | Killed a two-headed ogre
  5818 | D:11     | Noticed a purple ugly thing
  5820 | D:11     | Killed a purple ugly thing
  5858 | D:10     | Entered Level 10 of the Dungeon
  5879 | D:10     | Found an opulent altar of Gozag.
  5889 | D:10     | Reached skill level 12 in Polearms
  5902 | D:9      | Noticed themarg's ghost (novice MiFi)
  5902 | D:9      | Found a transporter.
  5902 | D:9      | Found a transporter.
  5912 | D:9      | Reached skill level 1 in Armour
  5992 | D:9      | Reached XP level 11. HP: 86/86 MP: 11/11
  6041 | D:8      | Reached ***** piety under Dithmenos
  6043 | D:8      | Reached skill level 10 in Stealth
  6537 | D:9      | Found Osirph's Antique Weapon Boutique.
  6810 | D:9      | Killed themarg's ghost
  7240 | D:10     | Found a shadowy altar of Dithmenos.
  7288 | D:10     | Noticed a two-headed ogre
  7299 | D:10     | Killed a two-headed ogre
  7300 | D:10     | Reached skill level 13 in Polearms
  7430 | D:10     | Noticed a two-headed ogre
  7436 | D:10     | Killed a two-headed ogre
  7561 | D:11     | Noticed a centaur warrior
  7562 | D:11     | Killed a centaur warrior
  7568 | D:11     | Found a staircase to the Lair.
  7615 | D:11     | Noticed a boulder beetle
  7639 | D:11     | Killed a boulder beetle
  7649 | D:11     | Reached XP level 12. HP: 97/97 MP: 12/12
  7657 | D:11     | Identified the +4 trident "Ixzot" {vorpal, rC+ Str+3 Int-5}
  7722 | D:11     | Reached skill level 10 in Dodging
  7907 | D:11     | Reached skill level 10 in Fighting
  7988 | D:11     | Reached skill level 14 in Polearms
  8193 | D:11     | Noticed Urug
  8200 | D:11     | Killed Urug
  8376 | D:12     | Noticed a two-headed ogre
  8404 | D:12     | Killed a two-headed ogre
  8480 | D:12     | Found a staircase to the Orcish Mines.
  8568 | D:12     | Noticed a two-headed ogre
  8754 | D:12     | Killed a two-headed ogre
  8755 | D:12     | Reached skill level 15 in Polearms
  9206 | D:13     | Noticed Kirke
  9215 | D:13     | Reached skill level 16 in Polearms
  9414 | D:13     | Killed Kirke
  9449 | D:13     | Found an opulent altar of Gozag.
  9476 | D:13     | Noticed Jorgrun
  9486 | D:13     | Killed Jorgrun
  9487 | D:13     | Reached skill level 17 in Polearms
  9487 | D:13     | Reached XP level 13. HP: 103/103 MP: 13/13
  9731 | D:13     | Reached skill level 18 in Polearms
  9813 | D:13     | Noticed Sonja
  9821 | D:13     | Killed Sonja
  9875 | D:13     | Noticed Erolcha
  9886 | D:13     | Killed Erolcha
 10124 | D:13     | Reached ****** piety under Dithmenos
 10288 | Lair:1   | Entered Level 1 of the Lair of Beasts
 10405 | Lair:1   | Reached skill level 19 in Polearms
 10544 | Lair:1   | Noticed Gastronok
 10564 | Lair:1   | Killed Gastronok
 11299 | Lair:2   | Reached skill level 20 in Polearms
 11362 | Lair:2   | Found a hole to the Spider Nest.
 11464 | Lair:2   | Reached XP level 14. HP: 110/110 MP: 14/14
 12039 | Lair:3   | Noticed Nergalle
 12059 | Lair:3   | Killed Nergalle
 12308 | Lair:3   | Noticed Nessos
 12319 | Lair:3   | Killed Nessos
 12619 | Lair:3   | Reached skill level 21 in Polearms
 12619 | Lair:3   | Reached skill level 10 in Throwing
 13103 | Lair:4   | Found a staircase to the Slime Pits.
 13668 | Lair:5   | Entered Level 5 of the Lair of Beasts
 13790 | Lair:5   | Reached skill level 22 in Polearms
 13962 | Lair:5   | Reached XP level 15. HP: 103/115 MP: 15/15
 14282 | Lair:5   | Identified the +5 shortbow "Bepousop" {venom, Drain Str+5
                  | Int+4 SInv}
 14783 | Lair:5   | Found the macabre finger necklace {rN+}
 15098 | Orc:1    | Entered Level 1 of the Orcish Mines
 15153 | Orc:1    | Reached skill level 23 in Polearms
 15623 | Orc:2    | Entered Level 2 of the Orcish Mines
 15813 | Orc:2    | Found Hokumet's Assorted Antiques.
 15816 | Orc:2    | Bought 2 potions of heal wounds for 170 gold pieces
 15900 | Orc:2    | Bought a scroll of immolation for 68 gold pieces
 15940 | Orc:2    | Found Olilaxkila's General Store.
 16424 | Orc:1    | Found Bown's Distillery.
 16439 | Orc:1    | Bought a potion of might for 56 gold pieces
 16439 | Orc:1    | Bought a potion of haste for 140 gold pieces
 16439 | Orc:1    | Bought a potion of curing for 42 gold pieces
 16439 | Orc:1    | Bought a potion of invisibility for 112 gold pieces
 16685 | Orc:2    | Bought a potion of berserk rage for 75 gold pieces
 16685 | Orc:2    | Bought a scroll of magic mapping for 112 gold pieces
 16685 | Orc:2    | Bought a scroll of vulnerability for 60 gold pieces
 16885 | Orc:2    | Found a staircase to the Elven Halls.
 16997 | Orc:2    | Found Viokkoeph's Jewellery Emporium.
 17023 | Orc:2    | Found a radiant altar of Vehumet.
 17032 | Orc:2    | Paralysed by an ogre mage for 4 turns
 17055 | Orc:2    | Found Otuet's Distillery.
 17141 | Orc:2    | Found Peawocw's Distillery.
 17156 | Orc:2    | Bought 2 potions of curing for 90 gold pieces
 17156 | Orc:2    | Bought a potion of cancellation for 120 gold pieces
 17156 | Orc:2    | Bought a potion of ambrosia for 120 gold pieces
 17156 | Orc:2    | Bought a potion of might for 60 gold pieces
 17156 | Orc:2    | Bought a potion of curing for 45 gold pieces
 17156 | Orc:2    | Bought a potion of might for 60 gold pieces
 17171 | Orc:2    | Found an ancient bone altar of Kikubaaqudgha.
 17190 | Orc:2    | Found Weughug Ylac's Antique Armour Shoppe.
 17516 | Spider:1 | Entered Level 1 of the Spider Nest
 17524 | Spider:1 | Reached XP level 16. HP: 94/122 MP: 16/16
 17668 | Spider:1 | Found a runed translucent door.
 17674 | Spider:1 | Noticed Hockui Caum's ghost (journeyman MiGl)
 17691 | Spider:1 | Killed Hockui Caum's ghost
 17692 | Spider:1 | Reached skill level 24 in Polearms
 17695 | Spider:1 | Got the Guidebook on Blows and Bruises
 18012 | Spider:1 | Identified Roxanne's Verses on Grit
 18012 | Spider:1 | Noticed Roxanne
 18443 | Spider:1 | Noticed Mlioglotl
 18455 | Spider:1 | Killed Mlioglotl
 18708 | Spider:1 | Learned a level 2 spell: Blink
 18729 | Spider:1 | Killed Roxanne
 18823 | Spider:2 | Reached skill level 1 in Translocations
 19497 | Spider:2 | Learned a level 3 spell: Vhi's Electric Charge
 20114 | Spider:3 | Reached skill level 1 in Air Magic
 20535 | Spider:3 | Reached skill level 15 in Throwing
 20951 | Spider:4 | Entered Level 4 of the Spider Nest
 21147 | Spider:3 | HP: 4/125 [broodmother (5)]
 21151 | Spider:3 | HP: 1/125 [barbs]
 21549 | Spider:4 | Reached XP level 17. HP: 131/131 MP: 17/17
 22643 | Spider:4 | Got a gossamer rune of Zot
 23047 | Orc:2    | Bought the ring of Yesterday {Wiz rCorr Int+4 Stlth+} for
                  | 807 gold pieces
 23053 | Orc:2    | Acquired a manual of Throwing
 23057 | Orc:2    | Acquired a manual of Stealth
 23269 | Slime:1  | Entered Level 1 of the Pits of Slime
 23269 | Slime:1  | Noticed an acid blob
 23277 | Slime:1  | Killed an acid blob
 23444 | Elf:1    | Entered Level 1 of the Elven Halls
 23511 | Elf:1    | Reached skill level 5 in Translocations
 23534 | Elf:1    | Found Wattoorr's Antique Armour Boutique.
 23542 | Elf:1    | Bought a heavily runed cloak for 228 gold pieces
 23542 | Elf:1    | Identified the +0 cloak of Death Resistance {+Blink rC+
                  | Str+3 Int+2} (You bought it in a shop on level 1 of the
                  | Elven Halls)
 23585 | Elf:1    | Found Cevol's Assorted Antiques.
 23743 | Elf:1    | Reached skill level 5 in Air Magic
 23876 | Elf:1    | Found Zinauprio's Book Shoppe.
 23928 | Elf:1    | Found Geladgh's Weapon Shop.
 23937 | Elf:1    | Bought 6 curare-tipped darts for 61 gold pieces
 24494 | Elf:1    | Got Hychuid's Folio of Conflict
 24568 | Abyss:2  | Cast into level 2 of the Abyss (a deep elf demonologist)
 24618 | Elf:2    | Escaped the Abyss
 24816 | D:14     | Found a frozen archway.
 24826 | IceCv    | Entered an ice cave
 24845 | IceCv    | Reached skill level 1 in Invocations
 24868 | IceCv    | Gained mutation: You are robust. (+10% HP) [a neqoxec]
 24876 | IceCv    | Gained mutation: You occasionally shout uncontrollably at
                  | your foes. [a neqoxec]
 25240 | IceCv    | Reached XP level 18. HP: 154/154 MP: 19/19
 26164 | D:14     | Got the Treatise on Kinetic Geology
 26242 | D:14     | Found a gate to the Vaults.
 26560 | D:14     | Found a portal to a secret trove of treasure.
 26930 | D:15     | Entered Level 15 of the Dungeon
 26990 | D:15     | Found a staircase to the Depths.
 27055 | D:15     | Reached skill level 5 in Invocations
 27213 | D:15     | Identified the +0 pair of gloves "Noewanua" {rN+ MP+9}
 28093 | Vaults:1 | Entered Level 1 of the Vaults
 28584 | Vaults:1 | HP: 7/154 [vault warden/+0 vorpal war axe (51)]
 28584 | Vaults:1 | Slain by a vault warden

Illustrated notes

Levels and vault maps discovered:
D:1:      amcnicky_arrival_choice, layout_loops_ring,
          hellmonk_ecumenical_altar_crossroads
D:2:      layout_loops_ring, corexii_item_surrounded_by_moat, uniq_robin
D:3:      layout_rooms, lemuel_coloured_pillars_altar, ebering_ghost_sewer_d,
          uniq_natasha
D:4:      layout_rooms, makhleb_altar_promises_db,
          nicolae_overflow_hidden_temple, minmay_temple_entry_wispy
D:5:      layout_gridville, nicolae_uskayaw_dance_hall,
          gammafunk_temple_overflow_claw, chequers_jeans
D:6:      layout_cave_pods, led_sif_book,
          mainiacjoe_overflow_concentric_impassable, uniq_grinder, uniq_menkaure
D:7:      layout_loops_ring
D:8:      layout_loops_corners, minmay_lizard_king
D:9:      layout_basic, gammafunk_ghost_hive, serial_shops,
          nicolae_shop_competitors_out_of_business
D:10:     layout_rooms, overflow_temple_1_default, lemuel_round_altar
D:11:     layout_loops_ring, erik_lair_orcish_takeover, uniq_urug
D:12:     layout_rooms, david_orc_5
D:13:     layout_irregular_city, serial_ice, serial_ice_b, serial_ice_i,
          serial_ice_m, serial_ice_o, serial_ice_a, serial_ice_h,
          nicolae_gozag_cash_rules_everything_around_me, uniq_erolcha,
          uniq_kirke, uniq_sonja, uniq_jorgrun
D:14:     dragon1_lemuel, layout_basic, david_vaults_4,
          portal_ice_cave_entry_pillars_1, enter_trove_6, minmay_misc_feat_rows
D:15:     gammafunk_depths_entry_grave, layout_loops_ring,
          minmay_misc_feat_four_crosses
Lair:1:   layout_cave_pods, serial_bayou_shore_b, uniq_gastronok
Lair:2:   beast_lair_carwin_large_4, layout_chaotic_city,
          minmay_shoals_entry_hut, spider_nest_entry_web_field,
          grunt_forest_small_clearings
Lair:3:   layout_gridlike, pond, uniq_nessos, uniq_nergalle
Lair:4:   layout_roguey, minmay_slime_entry_pillars, roderic_carrion_pond
Lair:5:   grunt_lair_end_beastmaster, layout_cave_pods
Spider:1: layout_spider_delve, gammafunk_ghost_grave, drop_trap, uniq_mlioglotl,
          uniq_roxanne
Spider:2: cheibrodos_spider_silkery
Spider:3: layout_spider_delve, nicolae_spider_cling_halls
Spider:4: grunt_spider_rune_circles, nicolae_spider_webs_and_nodes
Slime:1:  layout_caves
Orc:1:    dreamdust_under_siege, layout_caves, serial_shops, shop_fountains
Orc:2:    kennysheep_orc_mage_school, layout_caves, serial_shops, shop,
          nicolae_shop_behind_doors
Elf:1:    eino_elf_arrival_sip, layout_loops_corners, serial_shops,
          nicolae_shop_statue_plus, nicolae_shop_overgrown_old_shop,
          nicolae_shop_stone, nicolae_shop_trees, minmay_elf_sorcery,
          serial_sigils_hangedman_leer
Elf:2:    nicolae_elf_blades_crystal_corner, layout_geoelf_octagon,
          serial_shops, nicolae_shop_advertising_works
          [nicolae_subvault_shop_adworks], gammafunk_ghost_berserking_beasts,
          guppyfry_elf_garden, uniq_saint_roka
Vaults:1: v_misc_33, nicolae_vaults_network_square, ontoclasm_vaults_misaligned,
          vaults_dpeg_cross, nicolae_vaults_triangles, grunt_vaults_funnel,
          vaults_dpeg_diagonal, v_pattern_3, hangedman_vaults_slice,
          nicolae_vaults_little_squares_6, ontoclasm_vaults_ligature,
          ontoclasm_vaults_tryst, layout_vaults_maze_snakey

Skill      XL: |  1  2  3  4  5  6  7  8  9 10 11 12 13 14 15 16 17 18 |
---------------+-------------------------------------------------------+-----
Stealth        | 1 3 4 6 7 8 9 10 11 12 | 12.0
Fighting       | 3 4 5 6 8 9 10 11 12 | 12.0
Polearms       | 5 7 8 10 11 12 13 17 20 22 23 24 | 24.0
Short Blades   | 2 |  2.0
Throwing       | 3 5 6 8 11 14 15 16 | 16.0
Dodging        | 5 7 9 12 13 | 13.0
Armour         | 1 4 |  4.0
Translocations | 3 6 8 |  8.0
Air Magic      | 2 6 7 |  7.8
Invocations    | 2 6 |  6.9

Action                   |  1- 3 |  4- 6 |  7- 9 | 10-12 | 13-15 | 16-18 || total
-------------------------+-------+-------+-------+-------+-------+-------++-------
Melee: Trident           |   151 |    11 |       |       |       |       ||   162
       Punch             |     4 |       |       |       |       |       ||     4
       Dagger            |     5 |    39 |       |       |       |       ||    44
       Bardiche          |       |    40 |   165 |   402 |  1024 |  1117 ||  2748
       Tailslap          |       |       |       |       |     7 |     1 ||     8
Throw: Dart              |       |       |       |     1 |       |       ||     1
       Boomerang         |       |       |       |     2 |     6 |    11 ||    19
       Javelin           |       |       |       |       |    13 |     1 ||    14
 Cast: Vhi's Electric Ch |       |       |       |       |       |     6 ||     6
       Blink             |       |       |       |       |       |     4 ||     4
Invok: Shadow Step       |       |       |       |     1 |       |       ||     1
  Use: Potion            |       |     4 |     1 |     3 |     1 |     6 ||    15
       Scroll            |       |     5 |     2 |    21 |     1 |    13 ||    42
 Stab: Sleeping          |     5 |     2 |     8 |    26 |    30 |    79 ||   150
       Distracted        |       |       |       |     3 |     3 |     5 ||    11
       Confused          |       |       |       |       |     1 |       ||     1
       Petrified         |       |       |       |       |     4 |       ||     4
       Petrifying        |       |       |       |       |     3 |       ||     3
Armor: Leather armour    |    35 |       |       |       |       |       ||    35
       Animal skin       |     4 |       |       |       |       |       ||     4
       Scale mail        |       |    47 |    65 |   137 |   283 |   399 ||   931
       Skin              |       |    11 |       |       |       |     3 ||    14
Dodge: Dodged            |   136 |    57 |    72 |   286 |   725 |   685 ||  1961

Table legend: (Time is in decaauts)
 A = Elapsed time spent in this place.
 B = Non-inter-level travel time spent in this place.
 C = Inter-level travel time spent in this place.
 D = Time resting spent in this place.
 E = Time spent auto-exploring this place.
 F = Levels seen in this place.
 G = Mean time per level.
                   A        B        C        D        E       F      G
               +--------+--------+--------+--------+--------+-----+--------+
         Total |  28179 |  26628 |   1551 |   2331 |  14459 |  32 |  880.6 |
       Dungeon |  13067 |  12298 |    769 |    675 |   7243 |  15 |  871.1 |
          Lair |   4863 |   4586 |    277 |    106 |   2712 |   5 |  972.6 |
   Spider Nest |   5149 |   5014 |    135 |    589 |   2567 |   4 | 1287.2 |
    Slime Pits |     17 |     17 |      0 |      0 |      0 |   1 |   17.0 |
  Orcish Mines |   2381 |   2053 |    328 |    434 |    843 |   2 | 1190.5 |
   Elven Halls |   1155 |   1116 |     39 |      0 |    670 |   2 |  577.5 |
        Vaults |    460 |    460 |      0 |      0 |    303 |   1 |  460.0 |
         Abyss |     47 |     47 |      0 |      0 |      0 |   1 |   47.0 |
      Ice Cave |   1035 |   1035 |      0 |    527 |    120 |   1 | 1035.0 |
               +--------+--------+--------+--------+--------+-----+--------+

Top non-repeatable levels by time:
   Orc:2: 1478 daAuts
    D:11: 1354 daAuts
Spider:2: 1324 daAuts
Spider:3: 1295 daAuts
Spider:4: 1275 daAuts
Spider:1: 1254 daAuts
  Lair:5: 1207 daAuts
    D:14: 1186 daAuts
   Elf:1: 1149 daAuts
    D:15: 1066 daAuts
     D:8: 1057 daAuts
    D:12: 1041 daAuts
  Lair:3: 1037 daAuts
   IceCv: 1035 daAuts
     D:6: 961 daAuts
